 Dungeon Crawl Stone Soup version 0.28.0-47-ge53b351184 (webtiles) character file.

Game seed: 3565513452345732529

109 101zpm the Magician (level 5, -3/35 HPs)
             Began as a Djinni Fire Elementalist on Apr 30, 2022.
             Engulfed by a cloud of flame (6 damage)
             ... on level 3 of the Dungeon.
             The game lasted 00:06:00 (4930 turns).

101zpm the Magician (Djinni Fire Elementalist)      Turns: 4930, Time: 00:06:01

Health: -3/35      AC:  2    Str:  7    XL:     5   Next: 13%
Gold:   71         EV: 12    Int: 18    God:
                   SH:  0    Dex: 14

rFire   + + .      SeeInvis .   (no weapon)
rCold   x . .      Faith    .   (no shield)
rNeg    . . .      Spirit   .   a - +0 robe
rPois   ∞          Reflect  .   (no helmet)
rElec   .          Harm     .   (no cloak)
rCorr   .          Rampage  .   (no gloves)
Will    .....                   (boots unavailable)
Stlth   ++........              (no amulet)
HPRegen 0.11/turn               (no ring)
MPRegen 0.00/turn               (no ring)

@: flying
A: sickness immunity, fire resistance 2, cold vulnerability 1, float, innate
caster, HP casting, extra vitality 1
a: no special abilities


You were on level 3 of the Dungeon.
You visited 1 branch of the dungeon, and saw 3 of its levels.

You collected 71 gold pieces.

Inventory:

Armour
 a - a +0 robe (worn)
Jewellery
 g - a ring of positive energy
Scrolls
 b - a scroll of teleportation {unknown}
 c - 2 scrolls of vulnerability {unknown}
 e - a scroll of noise {unknown}
 f - a scroll of immolation {unknown}
 h - a scroll of identify {unknown}
 i - a scroll of magic mapping {unknown}
Potions
 d - a potion of might {unknown}


   Skills:
 + Level 2.4 Dodging
 + Level 1.9 Stealth
 + Level 4.0 Spellcasting


You couldn't memorise any spells.
You knew the following spells:

 Your Spells              Type           Power      Damage    Failure   Level
a - Foxfire               Conj/Fire      72%        2x1d7     2%          1
b - Scorch                Fire           36%        2d6       4%          2
c - Conjure Flame         Conj/Fire      18%        6-21      9%          3
d - Inner Flame           Hex/Fire       18%        N/A       9%          3
e - Flame Wave            Conj/Fire      18%        2d6       28%         4
f - Animate Skeleton      Necr           36%        N/A       2%          1
g - Blink                 Tloc           36%        N/A       4%          2
Your spell library was empty.

Dungeon Overview and Level Annotations

Branches:
Dungeon (3/15)

Altars:


Innate Abilities, Weirdness & Mutations

You are immune to sickness and miasma.
You are immune to poison.
Your flesh is very heat resistant. (rF++)
You are vulnerable to cold. (rC-)
You float through the air rather than walking.
You learn spells naturally, not from books.
Your magical power is your life essence.
You have superior vitality. (+4 MHP)


Message History

Casting: Foxfire (safe; 2% risk of failure)
Confirm with . or Enter, or press ? or * to list all spells.
Flames lash the ball python.
The ball python explodes!
The fiery explosion engulfs you. You resist.
The fiery explosion engulfs your foxfire.
Your foxfire completely resists.
You are engulfed in blazing flames.
You resist.
You hear a shout!
Your foxfire dissipates!
You start resting.
Your magical contamination has completely faded away.
You start resting.
A bat comes into view.
The bat moves out of view.
You start resting.
An orc comes into view. It is wielding a +0 hand axe.
Casting: Scorch (safe; 4% risk of failure)
Confirm with . or Enter, or press ? or * to list all spells.
Aiming: Inner Flame (dangerous; 9% risk of failure)
Press: ? - help, Dir - move target, f - orc
Aim: an orc, wielding a +0 hand axe (wandering, hasn't noticed you, chance to affect: 85%)
The orc shouts!
The orc barely resists.
You start resting.
An orc is nearby!
Casting: Inner Flame (dangerous; 9% risk of failure)
Confirm with . or Enter, or press ? or * to list all spells.
Aiming: Inner Flame (dangerous; 9% risk of failure)
Press: ? - help, Dir - move target, f/p - orc
Aim: an orc, wielding a +0 hand axe (chance to affect: 85%)
The orc is filled with an inner flame.
Casting: Inner Flame (dangerous; 9% risk of failure)
Confirm with . or Enter, or press ? or * to list all spells.
Flames lash the orc.
The orc explodes!
The fiery explosion engulfs you! You resist.
* * * LOW HITPOINT WARNING * * *
You are engulfed in blazing flames.
You resist.
You die...

# #. #. # #.
.#
##.####..####
#...@<§......
#.#.###§.....#
# §.....#
§..##.# v....
. #####. #


There were no monsters in sight!

Vanquished Creatures
  3 adders (D:2)
  A gnoll (D:1)
  A worm (D:2)
  2 dart slugs (D:1)
  An orc (D:3)
  6 ball pythons
  6 bats
  7 endoplasms
  4 giant cockroaches
  9 goblins
  3 hobgoblins (D:1)
  2 quokkas
  A frilled lizard (D:1)
  8 kobolds
  6 rats
60 creatures vanquished.

Vanquished Creatures (others)
  423 foxfires
423 creatures vanquished.

Grand Total: 483 creatures vanquished

Notes
Turn   | Place    | Note
-------+----------+-------------------------------------------
     0 | D:1      | 101zpm the Djinni Fire Elementalist began the quest for the
                  | Orb.
     0 | D:1      | Reached XP level 1. HP: 15/15 MP: 0/0
   192 | D:2      | Reached XP level 2. HP: 6/21 MP: 0/0
   606 | D:2      | Reached skill level 3 in Spellcasting
   606 | D:2      | Reached XP level 3. HP: 21/25 MP: 0/0
   606 | D:2      | Learned a level 1 spell: Animate Skeleton
  1844 | D:2      | Reached XP level 4. HP: 28/31 MP: 0/0
  3847 | D:1      | Reached XP level 5. HP: 30/35 MP: 0/0
  3847 | D:1      | Learned a level 2 spell: Blink
  4191 | D:1      | Reached skill level 4 in Spellcasting
  4930 | D:3      | Engulfed by a cloud of flame

Illustrated notes

Levels and vault maps discovered:
D:1:      dpeg_arrival_three_bigger_balls, layout_rooms, minmay_unequal
D:2:      layout_loops_corners
D:3:      layout_loops_ring, mainiacjoe_overflow_surrounded_room, serial_shops,
          shop, minmay_misc_feat_encased

Skill      XL: |  1  2  3  4  5 |
---------------+----------------+-----
Spellcasting   | 3 4 |  4.0
Dodging        | |  2.4
Stealth        | |  1.9

Action                   |  1- 3 |  4- 6 || total
-------------------------+-------+-------++-------
Melee: Unarmed           |       |     9 ||     9
 Cast: Foxfire           |    88 |   207 ||   295
       Scorch            |     2 |     4 ||     6
       Inner Flame       |       |     6 ||     6
Armor: Robe              |     3 |     3 ||     6
Dodge: Dodged            |     8 |     8 ||    16
